 Dungeon Sprint DCSS version 0.24-a0-458-gfcb5e6da0e (webtiles) character file.

Game seed: 15414003279040779376

2500000 epen the Swordmaster (level 18, -6/171 HPs)
             Began as a Mummy Gladiator on June 26, 2019.
             Was a Priest of Makhleb.
             Killed from afar by a large bag of meat (33 damage)
             ... with an exploding inner flame
             ... in the Dungeon (Sprint VIII: "Arena of Blood").
             The game lasted 00:00:39 (25 turns).

epen the Swordmaster (Mummy Gladiator)                Turns: 25, Time: 00:00:39

Health: -6/171     AC:  4    Str: 21    XL:     18   Next: 32%
Magic:  18/18      EV: 33    Int:  7    God:    Makhleb [***...]
Gold:   0          SH:  0    Dex: 18    Spells: 17/17 levels left

rFire    x . .     SeeInvis .   f - +∞ Axe of Woe
rCold    + . .     Gourm    .   (shield currently unavailable)
rNeg     + + +     Faith    .   b - +0 leather armour
rPois    ∞         Spirit   .   c - +0 helmet
rElec    .         Reflect  .   (no cloak)
rCorr    .         Harm     .   (no gloves)
MR       ++...     NoTele   +   (no boots)
Stlth    +.........             (no amulet)
HPRegen  0.38/turn              (no ring)
MPRegen  0.16/turn              (no ring)

@: no status effects
A: no food or potions, fire vulnerability, cold resistance 1, negative energy
resistance 3, torment resistance, unbreathing, in touch with death 1
a: Minor Destruction, Lesser Servant of Makhleb, Renounce Religion


You were in the Dungeon.
You worshipped Makhleb.
Makhleb was most pleased with you.
You were not hungry.

You visited 1 branch

Inventory:

Hand Weapons
 a - a +0 long sword
 f - the +∞ Axe of Woe (weapon)
   (You found it in the Dungeon)
Missiles
 d - 3 throwing nets (quivered)
Armour
 b - a +0 leather armour (worn)
 c - a +0 helmet (worn)
Scrolls
 e - a scroll of blinking


   Skills:
 + Level 23.2 Fighting
 O Level 27 Long Blades
 + Level 18.8 Axes
 + Level 16.0 Throwing
 + Level 5.3 Armour
 O Level 27 Dodging


You had 17 spell levels left.
You didn't know any spells.
Your spell library was empty.

Dungeon Overview and Level Annotations

Branches:
Dungeon (1/1)

Altars:
Makhleb

Annotations:
D The Servant


Innate Abilities, Weirdness & Mutations

You do not eat or drink.
Your flesh is vulnerable to fire.
You are immune to poison.
Your flesh is cold resistant. (rC+)
You are immune to negative energy. (rN+++)
You are immune to unholy pain and torment.
You can survive without breathing.
You are in touch with the powers of death.


Message History

The Servant appears out of thin air!
Harold the Weathered comes into view.
He is wielding a +9 glaive of flaming.
You are engulfed in blazing flames.
The Servant shouts!
You hear a shout! x4
The meat berserker is engulfed in blazing flames.
You hear a shout! x2
The large bag of meat is engulfed in blazing flames.
You hear a shout!
A bag of meat comes into view. It is wielding a +9 war axe.
The meat berserker is engulfed in blazing flames.
The meat berserker hits you with a +9 battleaxe!!!
* * * LOW HITPOINT WARNING * * *
A meat berserker comes into view. It is wielding a +9 battleaxe.
You hear a shout! x2
You slash the large bag of meat!
You cleave the large bag of meat in twain.
The large bag of meat explodes!
The fiery explosion engulfs the bag of meat!!
The fiery explosion engulfs you!! The fire burns you terribly!
You die...

o.... .. #oO.
.# . #... ..#
..###... ..###.
....oo###......
..o§§_.%....
#§§§..# #@O§._#
#§§§..#
..§§§_%..@..
....%.###......
.o###..O ..###.
. #..o ..# #...
.# ..... ..


You could see The Servant, a large bag of meat (inner flame), 2 meat berserkers
and 6 bags of meat.

Vanquished Creatures
  3 ogres (D)
  3 two-headed ogres (D)
  5 orcs (D)
11 creatures vanquished.

Notes
Turn   | Place    | Note
-------+----------+-------------------------------------------
     0 | D        | Found the +∞ Axe of Woe
     0 | D        | epen the Mummy Gladiator began the quest for the Orb.
     0 | D        | Reached XP level 1. HP: 16/16 MP: 1/1
     2 | D        | Noticed a bag of meat
     4 | D        | Became a worshipper of Makhleb the Destroyer
     5 | D        | Noticed a bag of meat
     9 | D        | Killed a bag of meat
     9 | D        | Reached skill level 10 in Fighting
     9 | D        | Reached skill level 15 in Long Blades
     9 | D        | Reached skill level 15 in Dodging
     9 | D        | Reached XP level 2. HP: 36/36 MP: 2/2
     9 | D        | Reached XP level 3. HP: 42/42 MP: 3/3
     9 | D        | Reached XP level 4. HP: 49/49 MP: 4/4
     9 | D        | Reached XP level 5. HP: 54/54 MP: 5/5
     9 | D        | Reached XP level 6. HP: 61/61 MP: 6/6
     9 | D        | Reached XP level 7. HP: 67/67 MP: 7/7
     9 | D        | Reached XP level 8. HP: 74/74 MP: 8/8
     9 | D        | Reached XP level 9. HP: 79/79 MP: 9/9
     9 | D        | Reached XP level 10. HP: 86/86 MP: 10/10
     9 | D        | Reached XP level 11. HP: 92/92 MP: 11/11
     9 | D        | Noticed a bag of meat
     9 | D        | Noticed a meat berserker
    10 | D        | Noticed a bag of meat
    11 | D        | Noticed a meat berserker
    12 | D        | Noticed a meat berserker
    12 | D        | Killed a bag of meat
    12 | D        | Reached skill level 5 in Axes
    12 | D        | Reached XP level 12. HP: 102/102 MP: 12/12
    13 | D        | Killed a meat berserker
    13 | D        | Reached * piety under Makhleb
    13 | D        | Reached skill level 10 in Throwing
    13 | D        | Gained mutation: You are in touch with the powers of death.
                  | [Mummy growth]
    13 | D        | Reached XP level 13. HP: 114/114 MP: 13/13
    13 | D        | Reached XP level 14. HP: 121/121 MP: 14/14
    14 | D        | Noticed a bag of meat
    15 | D        | Killed a meat berserker
    15 | D        | Reached skill level 15 in Fighting
    15 | D        | Reached skill level 1 in Armour
    15 | D        | Reached XP level 15. HP: 130/130 MP: 15/15
    15 | D        | Killed a meat berserker
    15 | D        | Reached ** piety under Makhleb
    15 | D        | Reached skill level 10 in Axes
    17 | D        | Reached XP level 16. HP: 143/143 MP: 16/16
    17 | D        | Noticed a large bag of meat
    18 | D        | Noticed a large bag of meat
    18 | D        | Noticed a large bag of meat
    18 | D        | Noticed a large bag of meat
    21 | D        | Noticed a meat berserker
    22 | D        | Killed a large bag of meat
    22 | D        | Reached *** piety under Makhleb
    22 | D        | Reached XP level 17. HP: 150/154 MP: 17/17
    23 | D        | Killed a large bag of meat
    23 | D        | Reached skill level 15 in Axes
    23 | D        | Reached skill level 27 in Long Blades
    23 | D        | Reached skill level 27 in Dodging
    23 | D        | Noticed a large bag of meat
    24 | D        | Killed a large bag of meat
    24 | D        | Reached skill level 5 in Armour
    24 | D        | Reached XP level 18. HP: 103/171 MP: 18/18
    24 | D        | Noticed The Servant
    24 | D        | Noticed a meat berserker
    25 | D        | Killed a large bag of meat
    25 | D        | Killed from afar by a large bag of meat

Levels and vault maps discovered:
D:        meatsprint

Skill      XL: |  1  2  3  4  5  6  7  8  9 10 11 12 13 14 15 16 17 |
---------------+----------------------------------------------------+-----
Fighting       | 10 12 14 15 18 19 23 | 23.2
Long Blades    | 15 17 19 21 23 25 27 | 27.0
Axes           | 3 5 7 9 11 13 18 | 18.8
Throwing       | 7 9 10 11 13 16 | 16.0
Dodging        | 15 17 19 21 23 25 27 | 27.0
Armour         | 1 2 3 5 |  5.3

Action                   |  1- 3 |  4- 6 |  7- 9 | 10-12 | 13-15 | 16-18 || total
-------------------------+-------+-------+-------+-------+-------+-------++-------
Melee: Executioner's axe |     1 |       |       |     2 |     2 |     5 ||    10

Table legend:
 A = Non-vault XP
 B = Vault XP
 C = Vault XP percentage of total XP
 D = Non-vault monster count
 E = Vault monster count
 F = Vault count percentage of total count
                 A         B        C        D         E       F
            +---------+---------+-------+---------+---------+-------
      Total |  185994 |  132439 |  41.6 |       7 |       4 |  36.4
            +---------+---------+-------+---------+---------+-------
          D |  185994 |  132439 |  41.6 |       7 |       4 |  36.4
            +---------+---------+-------+---------+---------+-------
